 Dungeon Sprint DCSS version 0.22-a0-135-g6f012ad (webtiles) character file.

48969 theanonym the Executioner (level 14, -48/131 HPs)
             Began as a Formicid Fighter on Jan 31, 2018.
             Was the Champion of Makhleb.
             Killed from afar by a Hell Sentinel (57 damage)
             ... with an iron shot
             ... summoned by Acheiti
             ... in the Dungeon (Sprint V: "Ziggurat Sprint").
             The game lasted 00:07:29 (1096 turns).

theanonym the Executioner (Formicid Fighter)        Turns: 1096, Time: 00:07:30

Health: -48/131    AC: 36    Str: 38    XL:     14   Next: 89%
Magic:  0/14       EV: 17    Int: 10    God:    Makhleb [******]
Gold:   0          SH: 31    Dex: 16    Spells: 13/13 levels left

rFire    + + .     SeeInvis +   G - +5 executioner's axe (flame)
rCold    + + .     Gourm    .   I - +18 shield of the Gong {rElec rN+ MR+ EV-5}
rNeg     + + .     Faith    .   F - +5 gold dragon scales {23 rF+ rC+ rPois}
rPois    +         Spirit   .   (helmet unavailable)
rElec    +         Reflect  .   P - +0 cloak {MR+} {MR+}
rCorr    +         Harm     .   N - +3 pair of gauntlets of War {Slay+5}
MR       ++++.                  O - +1 pair of boots {Fly}
Stlth    ..........             (no amulet)
HPRegen  0.31/turn              z - +6 ring of strength
MPRegen  0.14/turn              K - ring of Lady Luck {+Fly rN+ MR+ Str+4}

@: mighty, agile, resistant, flying, drained
A: permanent stasis, dig shafts and tunnels, four strong arms, antennae 3
a: Dig, Minor Destruction, Lesser Servant of Makhleb, Major Destruction, Greater
Servant of Makhleb, Renounce Religion, Stop Flying


Innate Abilities, Weirdness & Mutations

You cannot be hasted, slowed, berserked, paralysed or teleported.
You can dig through walls and to a lower floor.
Your four strong arms can wield two-handed weapons with a shield.
You have a pair of large antennae on your head. (SInv)


   Skills:
 + Level 18.5(18.4) Fighting
 * Level 23.4(23.2) Axes
 + Level 18.5(18.4) Armour
 + Level 14.8(14.7) Dodging
 - Level 9.0(8.9) Shields


You had 13 spell levels left.
You didn't know any spells.

Skill      XL: |  1  2  3  4  5  6  7  8  9 10 11 12 13 14 |
---------------+-------------------------------------------+-----
Axes           | 7 11 12 13 14 16 18 19 21 23 | 23.4
Fighting       | 7 8 9 10 12 13 15 17 18 | 18.5
Armour         | 7 8 9 10 12 13 15 17 18 | 18.5
Shields        | 7 8 9 |  9.0
Dodging        | 3 5 7 9 11 13 14 | 14.8

Action                   |  1- 3 |  4- 6 |  7- 9 | 10-12 | 13-15 || total
-------------------------+-------+-------+-------+-------+-------++-------
Melee: Broad axe         |     3 |       |    26 |   103 |    78 ||   210
       Executioner's axe |       |       |       |       |    60 ||    60
 Abil: Evoke Flight      |       |       |       |       |     1 ||     1
  Use: Potion            |     1 |       |       |     7 |     9 ||    17
       Scroll            |       |       |       |     2 |     4 ||     6
 Stab: Invisible         |       |       |       |    15 |     6 ||    21
       Distracted        |       |       |       |     2 |     2 ||     4
  Eat: Ration            |       |       |       |       |     1 ||     1
Armor: Gold dragon scale |     1 |       |     7 |    59 |    89 ||   156
Dodge: Dodged            |       |       |     1 |    25 |    49 ||    75
Block: Shield            |     7 |       |    43 |   189 |   274 ||   513

Inventory:

Hand Weapons
 a - a +0 war axe
 G - a +5 executioner's axe of flaming (weapon)
   (You found it in the Dungeon)
 H - the +14 obsidian axe {chop, +Fly SInv *Curse}
   (You found it in the Dungeon)

   It inflicts extra damage upon your enemies.
   It lets you see invisible.
   It lets you fly.
   It curses itself when equipped.
Missiles
 o - 2 throwing nets (quivered)
Armour
 b - a +0 scale mail {10}
 c - a +0 shield
 k - a +0 pair of boots of stealth
   (You found it in the Dungeon)
 F - +5 gold dragon scales (worn) {23 rF+ rC+ rPois}
   (You found it in the Dungeon)
 I - the +18 shield of the Gong (worn) {rElec rN+ MR+ EV-5}
   (You found it in the Dungeon)

   It affects your evasion (-5).
   It insulates you from electricity.
   It protects you from negative energy.
   It affects your resistance to hostile enchantments.
 J - a +0 pair of gloves of dexterity
   (You found it in the Dungeon)
 N - the +3 pair of gauntlets of War (worn) {Slay+5}
   (You found it in the Dungeon)

   It affects your accuracy and damage with ranged weapons and melee attacks
   (+5).
 O - a +1 pair of boots of flying (worn)
   (You found it in the Dungeon)
 P - a +0 cloak of magic resistance (worn) {MR+}
   (You found it in the Dungeon)
Jewellery
 u - a +6 ring of dexterity
   (You found it in the Dungeon)
 x - a +6 ring of intelligence
   (You found it in the Dungeon)
 y - a +6 ring of intelligence
   (You found it in the Dungeon)
 z - a +6 ring of strength (left hand)
   (You found it in the Dungeon)
 A - a +6 ring of strength
   (You found it in the Dungeon)
 E - a +6 ring of dexterity
   (You found it in the Dungeon)
 K - the ring of Lady Luck (right hand) {+Fly rN+ MR+ Str+4}
   (You found it in the Dungeon)

   [ring of positive energy]

   It affects your strength (+4).
   It protects you from negative energy.
   It affects your resistance to hostile enchantments.
   It lets you fly.
 Q - an uncursed ring of protection from cold {rC+}
   (You found it in the Dungeon)
Wands
 v - a wand of acid (7)
   (You found it in the Dungeon)
 C - a wand of disintegration (7)
   (You found it in the Dungeon)
 D - a wand of iceblast (7)
   (You found it in the Dungeon)
Scrolls
 f - 4 scrolls of fog
 n - 4 scrolls of amnesia
 p - a scroll of holy word
 r - 5 scrolls of identify
 s - 4 scrolls of remove curse
 t - 2 scrolls of fear
 B - 4 scrolls of blinking
 M - 3 scrolls of brand weapon
Potions
 d - 2 potions of brilliance
 g - 3 potions of resistance {rF+ rC+}
 h - 6 potions of haste
 i - 7 potions of magic
 j - 3 potions of agility
 l - 3 potions of berserk rage
 m - 3 potions of might
 q - 8 potions of heal wounds
 w - 4 potions of curing
Miscellaneous
 L - a lamp of fire
   (You found it in the Dungeon)
Comestibles
 e - 6 rations You were in the Dungeon. You worshipped Makhleb. Makhleb was exalted by your worship. You were not hungry. You visited 1 branch

Dungeon Overview and Level Annotations

Branches:
Dungeon (1/1)

Altars:
Ashenzari
Cheibriados
Dithmenos
Elyvilon
Fedhas
Gozag
Hepliaklqana
Kikubaaqudgha
Makhleb
Nemelex Xobeh
Okawaru
Qazlal
Ru
Sif Muna
Trog
Uskayaw
Vehumet
Wu Jian
Xom
Yredelemnul
Zin
The Shining One
Beogh
Jiyva
Lugonu

........{{....▓..▓.≈≈≈≈≈.▓≈.▓.
........{{{.§..▓.▓▓▓.(..≈▓▓▓.▓▓
.........{{{{§{▓.≈▓.≈.≈...▓≈.▓.
.........§§§§{{▓≈..≈≈...≈..≈.▓.
.........§§§{§{▓..≈...©..≈≈.≈▓.
...▓.....§§▓{§{▓▓▓▓▓▓▓▓▓▓▓▓▓▓▓.
.........§§2X&1▓.....8©8.....▓.
...........{6&1▓.).}[[[)||)).▓.
.......©...§3&@▓...=::":[}:..▓.
▓▓▓▓▓▓▓▓▓▓▓▓▓▓▓▓.............▓.
▓.............▓.


{{{{{{{{{{{ ▓....).)).....▓. {{{{{{{{{{{ ▓.....))).....▓. {{{{ {{
▓.....)().....▓▓ { ▓..▓....†..▓..▓. ▓.▓▓▓.....▓▓▓.▓. ▓..▓.......▓..▓. You could
see Acheiti, Heesyzxo, Tuneuma (invisible), a Hell Sentinel, an Ice Fiend, a
torturous black sun, a sun demon and a large abomination.

Notes
Turn   | Place    | Note
-------+----------+-------------------------------------------
     0 | D        | Found the +6 Majin-Bo {vamp, Archmagi MP+6 Int+6}
     0 | D        | Found the +7 great mace "Firestarter" {inner flame, rF++}
     0 | D        | theanonym the Formicid Fighter began the quest for the Orb.
     0 | D        | Reached XP level 1. HP: 18/18 MP: 1/1
     0 | D        | Found a deep blue altar of Sif Muna.
     0 | D        | Found a sacrificial altar of Ru.
     0 | D        | Found a bloodstained altar of Trog.
     0 | D        | Found a stormy altar of Qazlal.
     0 | D        | Found an iron altar of Okawaru.
     0 | D        | Found a sparkling altar of Nemelex Xobeh.
     0 | D        | Found a blossoming altar of Fedhas.
     2 | D        | Found a transporter.
     2 | D        | Found an ancient bone altar of Kikubaaqudgha.
     2 | D        | Found a viscous altar of Jiyva.
     2 | D        | Found a corrupted altar of Lugonu.
     2 | D        | Found a hazy altar of Hepliaklqana.
     2 | D        | Found a burning altar of Makhleb.
     2 | D        | Found an opulent altar of Gozag.
    19 | D        | Found the +9 heavy crossbow "Sniper" {velocity, Acc+∞ SInv}
    19 | D        | Found the +10 dark maul {crush}
    19 | D        | Found the +15 Maxwell's patent armour {-Cast -Tele rElec MR+ rCorr}
    19 | D        | Found the +18 shield of the Gong {rElec rN+ MR+ EV-5}
    19 | D        | Found the cursed +14 obsidian axe {chop, +Fly SInv *Curse}
    20 | D        | Found the +6 shillelagh "Devastator" {shatter}
    20 | D        | Found the +11 plutonium sword {*Contam Stlth-}
    20 | D        | Found the +8 lance "Wyrmbane" {slay drac, rPois rF+ rC+ AC+3}
    20 | D        | Found the +9 sword of Zonguldrok {reap}
    20 | D        | Found the cursed +13 scythe of Curses {drain, *Curse}
    20 | D        | Found the +0 sword of Power
    20 | D        | Found the +5 mace of Variability {chaos}
    20 | D        | Found the +7 Singing Sword
    20 | D        | Found the +7 longbow "Piercer" {penet, EV-2}
    54 | D        | Became a worshipper of Makhleb the Destroyer
    84 | D        | Reached skill level 7 in Axes
    84 | D        | Reached XP level 2. HP: 24/24 MP: 2/2
    85 | D        | Entered arena 2.
    85 | D        | Noticed a wolf spider
    85 | D        | Noticed a yaktaur
    85 | D        | Found a transporter.
    88 | D        | Killed a wolf spider
    88 | D        | Reached skill level 7 in Fighting
    88 | D        | Reached skill level 11 in Axes
    88 | D        | Reached skill level 7 in Armour
    88 | D        | Reached skill level 7 in Shields
    88 | D        | Reached XP level 3. HP: 24/36 MP: 3/3
    88 | D        | Reached XP level 4. HP: 29/43 MP: 4/4
    88 | D        | Reached XP level 5. HP: 33/48 MP: 5/5
    88 | D        | Reached XP level 6. HP: 38/55 MP: 6/6
    88 | D        | Reached XP level 7. HP: 41/60 MP: 7/7
    91 | D        | Killed a yaktaur
    91 | D        | Reached skill level 8 in Shields
   182 | D        | Entered arena 3.
   182 | D        | Found a transporter.
   185 | D        | Reached * piety under Makhleb
   187 | D        | Reached skill level 8 in Fighting
   187 | D        | Reached skill level 12 in Axes
   187 | D        | Reached skill level 8 in Armour
   187 | D        | Reached XP level 8. HP: 68/68 MP: 8/8
   207 | D        | Entered arena 4.
   207 | D        | Found a transporter.
   210 | D        | Reached ** piety under Makhleb
   211 | D        | Reached skill level 9 in Shields
   217 | D        | Entered arena 5.
   217 | D        | Noticed a draconian
   217 | D        | Noticed a draconian
   217 | D        | Noticed a draconian
   217 | D        | Noticed a draconian
   217 | D        | Found a transporter.
   226 | D        | Killed a draconian
   226 | D        | Reached *** piety under Makhleb
   226 | D        | Reached skill level 2 in Dodging
   226 | D        | Killed a draconian
   226 | D        | Reached skill level 9 in Fighting
   226 | D        | Reached skill level 13 in Axes
   226 | D        | Reached skill level 9 in Armour
   226 | D        | Reached skill level 3 in Dodging
   226 | D        | Reached XP level 9. HP: 77/77 MP: 9/9
   227 | D        | Killed a draconian
   227 | D        | Reached skill level 4 in Dodging
   229 | D        | Killed a draconian
   229 | D        | Reached skill level 10 in Fighting
   229 | D        | Reached skill level 14 in Axes
   229 | D        | Reached skill level 10 in Armour
   234 | D        | Entered arena 6.
   234 | D        | Noticed a merfolk
   234 | D        | Noticed a merfolk
   234 | D        | Noticed a merfolk
   234 | D        | Noticed a merfolk
   234 | D        | Noticed a merfolk
   234 | D        | Found a transporter.
   238 | D        | Killed a merfolk
   238 | D        | Reached **** piety under Makhleb
   238 | D        | Reached skill level 5 in Dodging
   242 | D        | Killed a merfolk
   242 | D        | Killed a merfolk
   242 | D        | Reached XP level 10. HP: 57/86 MP: 10/10
   248 | D        | Reached ***** piety under Makhleb
   248 | D        | Reached skill level 6 in Dodging
   253 | D        | Entered arena 7.
   254 | D        | Found a transporter.
   258 | D        | Reached skill level 11 in Fighting
   258 | D        | Reached skill level 11 in Armour
   264 | D        | Got the ring of Lady Luck {+Fly rN+ MR+ Str+4}
   269 | D        | Entered arena 8.
   269 | D        | Noticed a toenail golem
   269 | D        | Noticed a toenail golem
   269 | D        | Noticed a toenail golem
   269 | D        | Noticed a toenail golem
   270 | D        | Found a transporter.
   273 | D        | Killed a toenail golem
   273 | D        | Reached skill level 15 in Axes
   276 | D        | Killed a toenail golem
   276 | D        | Killed a toenail golem
   276 | D        | Reached skill level 7 in Dodging
   279 | D        | Killed a toenail golem
   279 | D        | Reached ****** piety under Makhleb
   292 | D        | Entered arena 9.
   292 | D        | Noticed a cyclops
   293 | D        | Found a transporter.
   299 | D        | Reached skill level 12 in Fighting
   299 | D        | Reached skill level 12 in Armour
   300 | D        | Reached skill level 16 in Axes
   302 | D        | Killed a cyclops
   302 | D        | Reached XP level 11. HP: 95/95 MP: 11/11
   310 | D        | Reached skill level 8 in Dodging
   315 | D        | Entered arena 10.
   316 | D        | Found a transporter.
   330 | D        | Entered arena 11.
   331 | D        | Found a transporter.
   348 | D        | Entered arena 12.
   348 | D        | Noticed an orb spider
   348 | D        | Noticed a wolf spider
   349 | D        | Noticed a ghost moth
   349 | D        | Noticed a moth of wrath
   350 | D        | Found a transporter.
   359 | D        | HP: 45/96 [moth of wrath (9)]
   360 | D        | Killed a moth of wrath
   361 | D        | Killed a wolf spider
   361 | D        | Reached skill level 17 in Axes
   362 | D        | Killed a ghost moth
   362 | D        | Reached skill level 13 in Fighting
   362 | D        | Reached skill level 13 in Armour
   362 | D        | Reached skill level 9 in Dodging
   366 | D        | HP: 46/98 [poisoned by a ghost moth]
   371 | D        | HP: 33/98 [poisoned by a ghost moth]
   372 | D        | Killed an orb spider
   376 | D        | HP: 24/98 [poisoned by a ghost moth]
   654 | D        | Entered arena 13.
   654 | D        | Noticed a merfolk aquamancer
   654 | D        | Noticed a sea snake
   654 | D        | Noticed a cyclops
   656 | D        | Noticed a merfolk aquamancer
   656 | D        | Noticed a merfolk javelineer
   657 | D        | Found a transporter.
   664 | D        | Killed a sea snake
   666 | D        | Killed a merfolk aquamancer
   666 | D        | Killed a merfolk aquamancer
   666 | D        | Reached skill level 18 in Axes
   666 | D        | Reached XP level 12. HP: 106/106 MP: 12/12
   668 | D        | Reached skill level 10 in Dodging
   675 | D        | Reached skill level 14 in Fighting
   675 | D        | Reached skill level 14 in Armour
   677 | D        | Killed a merfolk javelineer
   686 | D        | Entered arena 14.
   687 | D        | Noticed a naga warrior
   687 | D        | Noticed an anaconda
   688 | D        | Noticed an anaconda
   688 | D        | Noticed a naga warrior
   689 | D        | Found a transporter.
   693 | D        | Killed an anaconda
   695 | D        | Killed an anaconda
   695 | D        | Reached skill level 19 in Axes
   698 | D        | Killed a naga warrior
   698 | D        | Reached skill level 11 in Dodging
   705 | D        | Killed a naga warrior
   714 | D        | Entered arena 15.
   715 | D        | Noticed a merfolk aquamancer
   715 | D        | Noticed a merfolk impaler
   715 | D        | Noticed a sea snake
   716 | D        | Found the +3 pair of gauntlets of War {Slay+5}
   716 | D        | Noticed a merfolk javelineer
   716 | D        | Noticed a merfolk javelineer
   716 | D        | Noticed a merfolk javelineer
   716 | D        | Noticed a merfolk aquamancer
   716 | D        | Noticed a merfolk impaler
   722 | D        | Killed a merfolk aquamancer
   722 | D        | Reached skill level 15 in Fighting
   722 | D        | Reached skill level 15 in Armour
   727 | D        | Killed a merfolk javelineer
   728 | D        | Killed a sea snake
   728 | D        | Reached XP level 13. HP: 116/116 MP: 13/13
   731 | D        | Killed a merfolk impaler
   733 | D        | Found a transporter.
   735 | D        | Killed a merfolk javelineer
   735 | D        | Reached skill level 20 in Axes
   742 | D        | Killed a merfolk impaler
   746 | D        | Killed a merfolk javelineer
   746 | D        | Reached skill level 12 in Dodging
   765 | D        | Entered arena 16.
   766 | D        | Noticed a merfolk javelineer
   767 | D        | Found the ring of Shadows {Umbra +Inv Stlth+}
   767 | D        | Noticed a merfolk avatar
   767 | D        | Noticed a merfolk javelineer
   768 | D        | Found a transporter.
   773 | D        | HP: 49/117 [water nymph/the raging water (17)]
   777 | D        | Reached skill level 16 in Fighting
   777 | D        | Reached skill level 16 in Armour
   781 | D        | Killed a merfolk javelineer
   784 | D        | Killed a merfolk avatar
   785 | D        | Killed a merfolk javelineer
   802 | D        | Entered arena 17.
   818 | D        | Reached skill level 21 in Axes
   821 | D        | Found a transporter.
   840 | D        | Entered arena 18.
   844 | D        | Noticed a merfolk impaler
   844 | D        | Noticed a merfolk impaler
   844 | D        | Noticed a merfolk impaler
   845 | D        | Noticed an alligator snapping turtle
   845 | D        | Noticed a merfolk javelineer
   846 | D        | Noticed a merfolk javelineer
   846 | D        | Noticed a merfolk impaler
   847 | D        | Found the +3 giant club "Skullcrusher" {speed, Str+7}
   847 | D        | Found a transporter.
   850 | D        | Killed a merfolk impaler
   851 | D        | Killed a merfolk impaler
   851 | D        | Reached skill level 13 in Dodging
   856 | D        | Killed a merfolk javelineer
   856 | D        | Reached skill level 17 in Fighting
   856 | D        | Reached skill level 17 in Armour
   856 | D        | Reached XP level 14. HP: 128/128 MP: 14/14
   867 | D        | Reached skill level 22 in Axes
   882 | D        | Entered arena 19.
   886 | D        | Noticed an orc warlord
   886 | D        | Noticed a stone giant
   887 | D        | Found a transporter.
   896 | D        | Killed an orc warlord
   899 | D        | Reached skill level 14 in Dodging
   900 | D        | Killed a stone giant
   976 | D        | Entered arena 20.
   985 | D        | Noticed a nagaraja
   986 | D        | Found a transporter.
   987 | D        | Reached skill level 18 in Fighting
   989 | D        | Reached skill level 18 in Armour
  1006 | D        | Reached skill level 23 in Axes
  1011 | D        | Killed a nagaraja
  1074 | D        | Entered arena 21.
  1078 | D        | Noticed Acheiti the pandemonium lord
  1078 | D        | Noticed an Ice Fiend
  1079 | D        | Noticed Heesyzxo the pandemonium lord
  1091 | D        | Noticed a Hell Sentinel
  1091 | D        | Noticed Tuneuma the pandemonium lord
  1091 | D        | HP: 48/131 [??? (30)]
  1095 | D        | HP: 16/131 [Heesyzxo the pandemonium lord (21)]
  1096 | D        | Killed from afar by a Hell Sentinel

Vanquished Creatures
  A nagaraja (D)
  A ghost moth (D)
  An orc warlord (D)
  A stone giant (D)
  4 merfolk javelineers (D)
  5 merfolk impalers (D)
  5 naga warriors (D)
  6 merfolk aquamancers (D)
  A merfolk avatar (D)
  2 anacondas (D)
  A satyr (D)
  2 orc high priests (D)
  3 sea snakes (D)
  2 wolf spiders (D)
  2 orc knights (D)
  An orc sorcerer (D)
  3 cyclopes (D)
  2 draconians (D)
  A moth of wrath (D)
  4 guardian serpents (D)
  2 manticores (D)
  3 naga magi (D)
  4 toenail golems (D)
  4 black mambas (D)
  3 water nymphs (D)
  4 guardian mummies (D)
  13 merfolk (D)
  2 hornets (D)
  A wind drake (D)
  6 snapping turtles (D)
  2 hippogriffs (D)
  A ynoxinul (D)
  A redback (D)
  A flying skull (D)
  2 water elementals (D)
  A tarantella (D)
  2 ushabtiu (D)
  A warg (D)
  3 nagas (D)
  3 water moccasins (D)
  4 orc warriors (D)
  2 ogres (D)
  A centaur (D)
  2 earth elementals (D)
  A wight (D)
  A quasit (D)
  An iron imp (D)
  2 orc priests (D)
  3 orc wizards (D)
  5 mummies (D)
  6 adders (D)
  3 white imps (D)
  3 adder zombies (D)
  An orc (D)
  A bat zombie (D)
  3 ball pythons (D)
  A giant cockroach zombie (D)
  A jackal simulacrum (D)
  A leopard gecko skeleton (D)
  A leopard gecko zombie (D)
  A quokka skeleton (D)
151 creatures vanquished.

Vanquished Creatures (collateral kills)
  A merfolk impaler (D)
  3 merfolk javelineers (D)
  An anaconda (D)
  An alligator snapping turtle (D)
  An orb spider (D)
  2 harpies (D)
  A manticore (D)
  2 draconians (D)
  A naga mage (D)
  A black mamba (D)
  A yaktaur (D)
  5 merfolk (D)
  A demonic crawler (D)
  A troll (D)
  A redback (D)
  An ushabti (D)
  A naga (D)
  A water moccasin (D)
  An ice beast (D)
  An orc warrior (D)
  A phantom (D)
  An ogre (D)
  An iron imp (D)
  An orc priest (D)
  An adder (D)
  A ball python (D)
  A bat zombie (D)
35 creatures vanquished.

Vanquished Creatures (others)
  A merfolk javelineer (D)
  A ball python (D)
2 creatures vanquished.

Grand Total: 188 creatures vanquished

Table legend:
 A = Turns spent in this place as a percentage of turns spent in the entire game.
 B = Non-inter-level travel turns spent in this place as a percentage of non-inter-level travel turns spent in the entire game.
 C = Inter-level travel turns spent in this place as a percentage of turns spent in this place.
 D = Turns resting spent in this place as a percentage of non-inter-level travel turns spent in this place.
 E = Turns spent auto-exploring this place as a percentage of non-inter-level travel turns spent in this place.
 F = Non-inter-level travel turns spent in this place divided by the number of levels of this place that you've seen.
                   A       B       C       D       E      F
               +-------+-------+-------+-------+-------+----------------------
         Total | 100.0 | 100.0 |   0.0 |  39.5 |   3.6 | 1096.0
       Dungeon | 100.0 | 100.0 |   0.0 |  39.5 |   3.6 | 1096.0
               +-------+-------+-------+-------+-------+----------------------
